 Dungeon Crawl Stone Soup version 0.29-a0-813-g4a14ea37d6 (webtiles) character file.

Game seed: 17771412878889461839

218 xian the Sneak (level 5, -4/34 (40) HPs)
             Began as a Draconian Wanderer on July 4, 2022.
             Slain by Eustachio
             ... wielding a +0 falchion
              (6 damage)
             ... on level 4 of the Dungeon.
             The game lasted 00:16:02 (4315 turns).

xian the Sneak (Draconian Wanderer)                 Turns: 4315, Time: 00:16:03

HP:   -4/34 (40)    AC:  8    Str: 11 (12) XL:     5   Next: 63%
MP:   9/9           EV: 12    Int: 12 (13) God:
Gold: 139           SH:  0    Dex: 12 (14) Spells: 5/9 levels left

rFire   . . .      SeeInvis .   v - +2 dagger (drain)
rCold   . . .      Faith    .   (no shield)
rNeg    . . .      Spirit   .   (body armour unavailable)
rPois   .          Reflect  .   i - +2 hat
rElec   .          Harm     .   (no cloak)
rCorr   .          Rampage  .   (no gloves)
Will    .....                   l - +0 pair of boots
Stlth   +++.......              (no amulet)
HPRegen 0.11/turn               (no ring)
MPRegen 0.11/turn               (no ring)

@: brilliant, heavily drained
A: AC +5, unfitting armour, cold-blooded
a: no special abilities


You were on level 4 of the Dungeon.
You visited 1 branch of the dungeon, and saw 4 of its levels.

You collected 139 gold pieces.

Inventory:

Hand Weapons
 v - a +2 dagger of draining (weapon)
Missiles
 a - an atropa-tipped dart
 c - a datura-tipped dart
 m - 7 poisoned darts (quivered)
 u - 4 javelins
Armour
 i - a +2 hat (worn)
 l - a +0 pair of boots (worn)
Wands
 d - a wand of polymorph (4)
 g - a wand of iceblast (4)
Scrolls
 e - 3 scrolls of fog
 f - 2 scrolls of immolation {unknown}
 h - a scroll of fear {unknown}
 j - a scroll of brand weapon {unknown}
 k - a scroll of amnesia {unknown}
 o - 3 scrolls of teleportation
 p - 2 scrolls of identify {unknown}
 q - a scroll of enchant weapon {unknown}
 s - a scroll of noise {unknown}
Potions
 b - a potion of haste
 n - 2 potions of degeneration
 r - a potion of lignification {unknown}


   Skills:
 + Level 1.1 Fighting
 + Level 1.8 Short Blades
 + Level 0.1 Throwing
 + Level 1.5 Dodging
 + Level 5.1 Stealth
 + Level 2.8 Spellcasting
 + Level 1.8 Conjurations
 + Level 2.9 Fire Magic
 + Level 1.0 Evocations


You had 5 spell levels left.
You knew the following spells:

 Your Spells              Type           Power      Damage    Failure   Level
a - Foxfire               Conj/Fire      44%        2x1d6     10%         1
b - Conjure Flame         Conj/Fire      11%        6-21      28%         3

Your spell library contained the following spells:

 Spells                   Type           Power      Damage    Failure   Level


Dungeon Overview and Level Annotations

Branches:
Dungeon (4/15)
 Temple: D:4-7

Altars:
Cheibriados
Trog

Shops:
D:3 (

Annotations:
D:3 2 runed translucent doors, Brotato's ghost, amateur SpBr
D:4 Eustachio


Innate Abilities, Weirdness & Mutations

Your plain brown scales are hard. (AC +5)
You cannot fit into any form of body armour.
You are cold-blooded and may be slowed by cold attacks.


Message History

Eustachio is heavily wounded.
Eustachio closely misses you. The rat bites you but does no damage.
The bat hits you but does no damage.
You closely miss Eustachio.
Eustachio is heavily wounded.
Eustachio looks more healthy.
The bat hits you. Eustachio hits you with a +0 falchion.
* * * LOW HITPOINT WARNING * * *
The rat misses you.
You hit Eustachio. You drain Eustachio.
Eustachio is severely wounded.
The bat closely misses you.
The quokka bites you but does no damage.
Eustachio barely misses you. The bat hits you but does no damage.
The rat barely misses you.
You closely miss Eustachio.
Eustachio is severely wounded.
The bat barely misses you. The quokka bites you.
* * * LOW HITPOINT WARNING * * *
Eustachio hits you with a +0 falchion.
* * * LOW HITPOINT WARNING * * *
The rat bites you but does no damage. The bat barely misses you.
Okay, then.
It was a potion of brilliance.
You feel clever all of a sudden. The bat closely misses you.
The quokka bites you but does no damage.
Eustachio hits you but does no damage. The rat bites you but does no damage.
The quokka closely misses you.
You miss Eustachio.
You tail-slap Eustachio, but do no damage.
Eustachio is severely wounded.
The bat barely misses you.
Eustachio casts a spell.
The rat closely misses you. The quokka barely misses you.
You barely miss Eustachio.
Eustachio is severely wounded.
The bat disappears in a puff of smoke!
The bat closely misses you.
The bat hits you but does no damage. x2; Eustachio hits you with a +0 falchion.
You die...

.##.........####...#.###
..'.........†...........
#.........####.....###
##.......## ##.#.##
##.....## ###.# ##...##
#.# ##'## #.# #b# #.#
#@# #.# #.r.@rr......
..# #.##....##### ###
§....# ....(.# .....#.#
......#.# ##(#####.#


You could see Eustachio (very drained), a river rat (summoned), a quokka
(summoned), a bat (summoned) and a rat (summoned).

Vanquished Creatures
  Natasha (twice) (D:2)
  An orc wizard (D:4)
  Ijyb (D:3)
  6 adders
  A worm (D:3)
  A dart slug (D:1)
  9 orcs
  3 ball pythons
  5 bats
  4 endoplasms
  A giant cockroach (D:1)
  4 goblins
  5 hobgoblins
  5 kobolds
  2 quokkas (D:1)
  3 frilled lizards
  4 rats
57 creatures vanquished.

Vanquished Creatures (others)
  97 foxfires
97 creatures vanquished.

Grand Total: 154 creatures vanquished

Notes
Turn   | Place    | Note
-------+----------+-------------------------------------------
     0 | D:1      | xian the Draconian Wanderer began the quest for the Orb.
     0 | D:1      | xian set off with the following items: a +0 dagger, 2
                  | atropa-tipped darts, a datura-tipped dart, a wand of
                  | polymorph (4), a scroll of fog; and the following spell
                  | memorised: Foxfire; and the following spells available to
                  | memorise: Conjure Flame.
     0 | D:1      | Reached XP level 1. HP: 14/14 MP: 3/3
   237 | D:1      | Reached XP level 2. HP: 20/20 MP: 0/5
  1237 | D:2      | Noticed Natasha
  1251 | D:2      | Killed Natasha
  1252 | D:2      | Reached skill level 5 in Stealth
  1252 | D:2      | Reached XP level 3. HP: 24/26 MP: 3/6
  1373 | D:2      | Reached skill level 1 in Short Blades
  1469 | D:2      | Found a faded altar of an unknown god.
  1516 | D:2      | Reached XP level 4. HP: 32/34 MP: 5/7
  1864 | D:2      | Noticed Natasha
  1873 | D:2      | Killed Natasha
  1874 | D:2      | Reached skill level 1 in Conjurations
  2267 | D:3      | Reached skill level 1 in Dodging
  2787 | D:3      | Found a bloodstained altar of Trog.
  2837 | D:3      | Noticed Ijyb
  2879 | D:3      | HP: 1/34 [Ijyb/+0 club (2)]
  2919 | D:3      | Killed Ijyb
  2920 | D:3      | Reached XP level 5. HP: 25/39 MP: 7/9
  3184 | D:3      | Found a snail-covered altar of Cheibriados.
  3227 | D:3      | Learned a level 3 spell: Conjure Flame
  3244 | D:3      | Found a runed translucent door.
  3249 | D:3      | Noticed Brotato's ghost (amateur SpBr)
  3315 | D:3      | Found Muzxe's Weapon Shop.
  3319 | D:3      | Found a runed translucent door.
  3672 | D:4      | Reached skill level 1 in Fighting
  3678 | D:4      | Noticed Eustachio
  4312 | D:4      | HP: 1/34 [Eustachio/+0 falchion (6)]
  4315 | D:4      | Slain by Eustachio

Illustrated notes

Levels and vault maps discovered:
D:1:      elethiomel_arrival_quiet, layout_basic
D:2:      layout_loops_ring, hellmonk_ecumenical_altar_inner_sanctum,
          uniq_natasha
D:3:      layout_loops_corners, mainiacjoe_overflow_24_doors,
          nicolae_overflow_hidden_temple, ebering_ghost_sewer_f, serial_shops,
          nicolae_shop_bloodbath_and_beyond, uniq_ijyb
D:4:      layout_loops_corners, hangedman_ru_absence, uniq_eustachio

Skill      XL: |  1  2  3  4  5 |
---------------+----------------+-----
Stealth        | 5 |  5.1
Short Blades   | 1 |  1.8
Conjurations   | 1 |  1.8
Dodging        | 1 |  1.5
Fighting       | 1 |  1.1
Throwing       | |  0.1
Spellcasting   | |  2.8
Fire Magic     | |  2.9
Evocations     | |  1.0

Action                   |  1- 3 |  4- 6 || total
-------------------------+-------+-------++-------
Melee: Dagger            |    55 |   180 ||   235
       Tailslap          |     8 |    29 ||    37
       Punch             |       |     1 ||     1
Throw: Dart              |       |     8 ||     8
       Javelin           |       |     4 ||     4
 Cast: Foxfire           |    29 |    39 ||    68
  Use: Potion            |       |     5 ||     5
       Scroll            |       |     2 ||     2
 Stab: Sleeping          |       |     1 ||     1
       Invisible         |       |     2 ||     2
Armor: Skin              |    33 |    73 ||   106
Dodge: Dodged            |    52 |    97 ||   149

Table legend: (Time is in decaauts)
 A = Elapsed time spent in this place.
 B = Non-inter-level travel time spent in this place.
 C = Inter-level travel time spent in this place.
 D = Time resting spent in this place.
 E = Time spent auto-exploring this place.
 F = Levels seen in this place.
 G = Mean time per level.
                   A        B        C        D        E       F      G
               +--------+--------+--------+--------+--------+-----+--------+
         Total |   4301 |   4272 |     29 |      0 |   3284 |   4 | 1075.2 |
       Dungeon |   4301 |   4272 |     29 |      0 |   3284 |   4 | 1075.2 |
               +--------+--------+--------+--------+--------+-----+--------+

Top non-repeatable levels by time:
     D:3: 1497 daAuts
     D:1: 1165 daAuts
     D:2: 933 daAuts
     D:4: 706 daAuts
